 Dungeon Crawl Stone Soup version 0.31-a0-702-gf82c85558f (webtiles) character file.

Game seed: 13316711374065157131

38 qw the Shooter (level 3, 0/21 HPs)
             Began as a Gargoyle Hunter on Sept 8, 2023.
             Slain by Terence
             ... wielding a +0 trident
              (5 damage)
             ... on level 2 of the Dungeon.
             The game lasted 00:00:22 (991 turns).

qw the Shooter (Gargoyle Hunter)                     Turns: 991, Time: 00:00:22

Health: 0/21       AC:  9    Str: 14    XL:     3   Next: 43%
Magic:  3/3        EV: 10    Int:  9    God:
Gold:   96         SH:  0    Dex: 15    Spells: 2/2 levels left

rFire   . . .        Y - +0 shortbow
rCold   . . .        (shield currently unavailable)
rNeg    + . .        h - +0 ring mail
rPois   inf          f - +0 helmet
rElec   +            (no cloak)
rCorr   .            (no gloves)
SInv    .            (no boots)
Will    .....        (no amulet)
Stlth   +            (no ring)
HPRegen 0.23/turn    (no ring)
MPRegen 0.08/turn

%: no passive effects
@: about to teleport
A: sickness immunity, AC +3, negative energy resistance 1, electricity
resistance, torment resistance 1, petrification resistance
a: no special abilities


You were on level 2 of the Dungeon.
You visited 1 branch of the dungeon, and saw 2 of its levels.

You collected 96 gold pieces.


Innate Abilities, Weirdness & Mutations

You are immune to sickness and miasma.
Your stone body is resilient. (AC +3)
You are immune to poison.
You resist negative energy. (rN+)
You are resistant to electric shocks. (rElec)
You are resistant to unholy torment.
You are immune to petrification.


   Skills:
 + Level 2.2 Fighting
 - Level 5.0 Ranged Weapons
 - Level 1.0 Armour
 - Level 1.5 Dodging
 - Level 1.1 Stealth


You had 2 spell levels left.
You didn't know any spells.
Your spell library was empty.

Inventory:

Hand Weapons
 Y - a +0 shortbow (weapon)
Armour
 f - a +0 helmet (worn)
 h - a +0 ring mail (worn)
Scrolls
 a - 3 scrolls of identify
 b - a scroll of teleportation
 c - a scroll of poison {unknown}
Potions
 d - 2 potions of enlightenment {unknown}
 e - a potion of heal wounds

Dungeon Overview and Level Annotations

Branches:
Dungeon (2/15)

Altars:

Annotations:
D:2 Terence


Message History

The eye of devastation turns its gaze towards you.
A goblin comes into view. It is wielding a +0 club.
The goblin shouts!
You shoot an arrow. The arrow hits the goblin!
You kill the goblin!
Your Armour skill increases to level 1!
The floating eye pulsates ominously.
b - 2 scrolls of teleportation The eye of devastation pulsates ominously.
You now have 84 gold pieces (gained 5).
The great orb of eyes pulsates ominously.
c - a scroll labelled ICHIHA KAGE You now have 96 gold pieces (gained 12).
d - 2 silvery potions You open the door.
A rat comes into view.
You shoot an arrow. The arrow hits the rat!
You kill the rat!
There is an open door here.
a - 3 scrolls of identify (gained 1)
You open the door.
Terence the Incautious comes into view.
He is wielding a +0 trident.
Terence shouts!
You shoot an arrow.
The arrow hits Terence but does no damage.
Terence hits you from afar with a +0 trident!
You shoot an arrow. The arrow hits Terence.
Terence is lightly wounded.
Terence hits you from afar with a +0 trident.
You shoot an arrow. The arrow barely misses Terence.
Terence closely misses you.
You shoot an arrow. The arrow hits Terence.
Terence is heavily wounded.
Terence hits you from afar with a +0 trident!
Terence misses you.
991 ||| READING 2 scrolls of teleportation.
As you read the scroll of teleportation, it crumbles to dust.
You feel strangely unstable.
Terence hits you from afar with a +0 trident.
You die...

#.......#
#.
######'##
#. #.# #.
#.# #.
#.# #.
#####.#
##
#.....#
#.#####
#@# #'#
@.. .....
###
.......
...
####+####
.%. ...
... ...


You could see Terence.

Vanquished Creatures
  A bat (D:1)
  6 endoplasms (D:1)
  A giant cockroach (D:1)
  6 goblins
  3 hobgoblins
  2 quokkas
  6 ball pythons
  2 frilled lizards (D:1)
  3 kobolds (D:1)
  3 rats
33 creatures vanquished.

Notes
Turn   | Place    | Note
-------+----------+-------------------------------------------
     0 | D:1      | qw the Gargoyle Hunter began the quest for the Orb.
     0 | D:1      | Reached XP level 1. HP: 12/12 MP: 1/1
     0 | D:1      | 0 ||| qw: Version: 0.3-a-76-g4403597
     0 | D:1      | 0 ||| qw: Game counter: 1179
     0 | D:1      | 0 ||| qw: Melee chars always use a shield: true
     0 | D:1      | 0 ||| qw: God list: Okawaru
     0 | D:1      | 0 ||| qw: Allow faded altars: false
     0 | D:1      | 0 ||| qw: Do Orc after clearing Dungeon:15 true
     0 | D:1      | 0 ||| qw: Do second Lair branch before Depths: true
     0 | D:1      | 0 ||| qw: Lair rune preference: random
     0 | D:1      | 0 ||| qw: Goals: Normal
     0 | D:1      | 0 ||| PLANNING D:1-11
   119 | D:1      | Reached XP level 2. HP: 17/17 MP: 2/2
   472 | D:1      | Reached XP level 3. HP: 20/21 MP: 3/3
   597 | D:1      | Reached skill level 5 in Ranged Weapons
   726 | D:1      | 726 ||| UPGRADING to +0 helmet.
   731 | D:1      | 731 ||| UPGRADING to +0 ring mail.
   741 | D:1      | 741 ||| DROPPING +0 leather armour.
   742 | D:1      | 742 ||| DROPPING ring of flight.
   743 | D:1      | 743 ||| READING 3 scrolls labelled GEAZUXTAOX.
   744 | D:1      | 744 ||| READING scroll labelled XELETWA YCLA.
   747 | D:1      | 747 ||| READING 2 scrolls of identify.
   747 | D:1      | 747 ||| IDENTIFYING bubbling red potion
   748 | D:1      | 748 ||| DROPPING scroll of butterflies.
   929 | D:2      | Noticed a floating eye
   930 | D:2      | Found a faded altar of an unknown god.
   937 | D:2      | Noticed a great orb of eyes
   937 | D:2      | Noticed a floating eye
   937 | D:2      | Noticed an eye of devastation
   941 | D:2      | Reached skill level 1 in Armour
   986 | D:2      | Noticed Terence
   990 | D:2      | HP: 5/21 [Terence/+0 trident (8)]
   991 | D:2      | 991 ||| READING 2 scrolls of teleportation.
   991 | D:2      | Slain by Terence

Levels and vault maps discovered:
D:1:      scummos_arrival_checkerplants, layout_basic
D:2:      layout_basic, hellmonk_ecumenical_altar_watching_god,
          uniq_crazy_yiuf_cottage, uniq_terence, uniq_natasha

Skill      XL: |  1  2  3 |
---------------+----------+-----
Ranged Weapons | 5 |  5.0
Armour         | 1 |  1.0
Fighting       | |  2.2
Dodging        | |  1.5
Stealth        | |  1.1

Action                     || total
---------------------------++-------
   Fire: Shortbow          ||    80
    Use: Scroll            ||     4
 Armour: Leather armour    ||     8
         Ring mail         ||     4
  Dodge: Dodged            ||    16

Table legend:
 A = Non-vault XP
 B = Vault XP
 C = Vault XP percentage of total XP
 D = Non-vault monster count
 E = Vault monster count
 F = Vault count percentage of total count
                 A         B        C        D         E       F
            +---------+---------+-------+---------+---------+-------
      Total |      55 |       0 |   0.0 |      33 |       0 |   0.0
            +---------+---------+-------+---------+---------+-------
        D:1 |      40 |       0 |   0.0 |      24 |       0 |   0.0
        D:2 |      15 |       0 |   0.0 |       9 |       0 |   0.0
            +---------+---------+-------+---------+---------+-------
